 Dungeon Crawl Stone Soup version 0.26-a0-8-gc4d20be (webtiles) character file.

Game seed: 2923506856014650900, levelgen mode: deterministic

0 thirtiethelement the Skirmisher (level 1, 0/18 HPs)
             Began as a Demonspawn Abyssal Knight on May 24, 2020.
             Was a Follower of Lugonu.
             Slain by a starspawn tentacle (3 damage)
             ... attached to a tentacled starspawn
             ... on level 2 of the Abyss.
             The game lasted 00:00:59 (51 turns).

thirtiethelement the Skirmisher (DsAK)                Turns: 51, Time: 00:01:03

Health: 0/18       AC:  3    Str: 12    XL:     1   Next: 0%
Magic:  2/2        EV:  8    Int: 13    God:    Lugonu [*.....]
Gold:   27         SH:  0    Dex: 12    Spells: 0/0 levels left

rFire    . . .     SeeInvis .   a - +1 falchion
rCold    . . .     Gourm    .   (no shield)
rNeg     . . .     Faith    .   b - +0 leather armour
rPois    .         Spirit   .   (no helmet)
rElec    .         Reflect  .   (no cloak)
rCorr    .         Harm     .   (no gloves)
MR       .....                  (no boots)
Stlth    +.........             (no amulet)
HPRegen  0.06/turn              (no ring)
MPRegen  0.08/turn              (no ring)

@: constricted
A: no striking features
a: Depart the Abyss, Renounce Religion


You were on level 2 of the Abyss.
You worshipped Lugonu.
Lugonu was aware of your devotion.
You were not hungry.

You visited 0 branches of the dungeon, and saw 0 of its levels.
You visited the Abyss 1 time.

You collected 27 gold pieces.

Inventory:

Hand Weapons
 a - a +1 falchion (weapon)
Armour
 b - a +0 leather armour (worn)
Wands
 d - a wand of random effects (16)
Comestibles
 c - a ration


   Skills:
 + Level 3.0 Fighting
 + Level 1.7 Long Blades
 + Level 1.7 Armour
 + Level 0.8 Dodging
 + Level 2.4 Invocations


You couldn't memorise any spells.
You didn't know any spells.
Your spell library contained the following spells:

 Spells                   Type           Power        Failure   Level  Hunger
 Sublimation of Blood     Necr           #.........   52%         2    ###....
 Ignite Poison            Fire/Tmut/Pois #.......     75%         3    ####...
 Petrify                  Tmut/Erth      #.......     98%         4    #####..
 Alistair's Intoxication  Tmut/Pois      #.......     100%        5    ######.
 Irradiate                Conj/Tmut      #.........   100%        5    ######.
 Eringya's Noxious Bog    Tmut/Pois      #.........   100%        6    #######


Dungeon Overview and Level Annotations

Branches:
Dungeon (0/15)

Altars:


Message History

The starspawn tentacle closely misses you.
Tentacles burst from the starspawn's body!
The starspawn tentacle grabs you.
* * * LOW HITPOINT WARNING * * *
The starspawn tentacle constricts you. 2 starspawn tentacles come into view.
Okay, then.
Drop what? 4/52 slots (_ for help) (? for menu, Esc to quit)
Okay, then.
Evoke which item? (* to show all) (? for menu, Esc to quit)
Aiming: Random Effects
Press: ? - help, Shift-Dir - straight line, f - tentacled starspawn
Aim: a tentacled starspawn Nothing appears to happen.
The starspawn tentacle loses its grip on you.
The tentacle pulls you backwards!
A tentacle flies out from the starspawn's body!
The starspawn tentacle completely misses you.
The starspawn tentacle grabs you.
You die...

. ..... .. ... .....
....... ...###...###...#.
.. ....#.....#.....# ...
#.................##...
## ......................
#..#.........──..........
#.#....#.... #w.........
#... .###..│###@..#.....
###....#.....#ww........
#.#.......(..XX.........
.#...........wZ.....##...
#.. ................# ..
.###. ..#.....#........ #
#...#.............. #
......##..##..##..##.
#.## ....##..##..# ..#


You could see 2 tentacled starspawn, 4 starspawn tentacles and a titan skeleton.

Vanquished Creatures (others)
  5 starspawn tentacles (Abyss:2)
5 creatures vanquished.

Notes
Turn   | Place    | Note
-------+----------+-------------------------------------------
     0 | Abyss:1  | thirtiethelement the Demonspawn Abyssal Knight began the
                  | quest for the Orb.
     0 | Abyss:1  | Reached XP level 1. HP: 18/18 MP: 2/2
    11 | Abyss:2  | Noticed a tentacled starspawn
    35 | Abyss:2  | Noticed a titan skeleton
    40 | Abyss:2  | Noticed a tentacled starspawn
    43 | Abyss:2  | Noticed a small abomination
    51 | Abyss:2  | Slain by a starspawn tentacle

Illustrated notes

Levels and vault maps discovered:
Abyss:2:  evilmike_abyss_exit_17

Action                   || total
-------------------------++-------
Melee: Falchion          ||     1
Evoke: Wand              ||     1
Dodge: Dodged            ||     3

Table legend:
 A = Non-vault XP
 B = Vault XP
 C = Vault XP percentage of total XP
 D = Non-vault monster count
 E = Vault monster count
 F = Vault count percentage of total count
                 A         B        C        D         E       F
            +---------+---------+-------+---------+---------+-------
      Total |       0 |       0 |   N/A |       0 |       0 |  -nan
            +---------+---------+-------+---------+---------+-------
            +---------+---------+-------+---------+---------+-------
